 Dungeon Crawl Stone Soup version 0.25.0-9-g26727b6 (webtiles) character file.

Game seed: 7945374518625590395

692 tboon the Cudgeler (level 7, 0/44 HPs)
             Began as a Gargoyle Fighter on June 19, 2020.
             Killed from afar by Dowan (11 damage)
             ... with a shard of ice
             ... on level 4 of the Dungeon.
             The game lasted 00:10:36 (3676 turns).

tboon the Cudgeler (Gargoyle Fighter)               Turns: 3676, Time: 00:10:37

Health: 0/44       AC: 12    Str: 26    XL:     7   Next: 63%
Magic:  7/7        EV:  8    Int: 14    God:
Gold:   148        SH: 10    Dex: 11    Spells: 6/6 levels left

rFire    . . .     SeeInvis .   a - +0 morningstar
rCold    . . .     Gourm    .   c - +0 kite shield
rNeg     + . .     Faith    .   b - +0 scale mail
rPois    ∞         Spirit   .   (no helmet)
rElec    +         Reflect  .   (no cloak)
rCorr    .         Harm     .   (no gloves)
MR       .....                  (no boots)
Stlth    ..........             (no amulet)
HPRegen  0.14/turn              k - +6 ring of intelligence
MPRegen  0.10/turn              q - +6 ring of strength

@: no status effects
A: negative energy resistance 1, electricity resistance, unbreathing,
petrification resistance, rot immunity, AC +4
a: no special abilities


You were on level 4 of the Dungeon.
You were hungry.

You visited 1 branch of the dungeon, and saw 4 of its levels.

You collected 148 gold pieces.

Inventory:

Hand Weapons
 a - a +0 morningstar (weapon)
   (You took it off an orc on level 4 of the Dungeon)
Armour
 b - a +0 scale mail (worn)
 c - a +0 kite shield (worn)
Jewellery
 k - a +6 ring of intelligence (left hand)
   (You found it on level 1 of the Dungeon)
 q - a +6 ring of strength (right hand)
   (You found it on level 2 of the Dungeon)
 s - an uncursed ring of ice {rC+, rF-}
   (You found it on level 2 of the Dungeon)
Wands
 y - a wand of paralysis (4)
   (You took it off an orc on level 4 of the Dungeon)
Scrolls
 e - a scroll of enchant weapon
 h - 2 scrolls of fear {unknown}
 m - 2 scrolls of remove curse
 o - 3 scrolls of teleportation {unknown}
 p - a scroll of immolation {!r}
 t - a scroll of enchant armour
 w - a scroll of identify
Potions
 g - a potion of degeneration {unknown}
 i - 2 potions of lignification {!q}
 j - a potion of haste
 n - a potion of stabbing {unknown}
 u - 3 potions of brilliance
 v - a potion of ambrosia {unknown}
 x - a potion of heal wounds
Comestibles
 d - a chunk of flesh
 f - 12 rations


   Skills:
 + Level 5.1 Fighting
 * Level 5.4 Maces & Flails
 + Level 5.2 Armour
 + Level 5.1 Shields


You had 6 spell levels left.
You didn't know any spells.
Your spell library was empty.

Dungeon Overview and Level Annotations

Branches:
Dungeon (4/15)
 Temple: D:4-7

Altars:
Elyvilon
Fedhas
Hepliaklqana
Nemelex Xobeh
Qazlal
Wu Jian

Annotations:
D:4 Dowan, Menkaure


Innate Abilities, Weirdness & Mutations

You are resistant to torment.
Your stone body is resilient. (AC +4)
You are immune to poison.
You resist negative energy. (rN+)
You are resistant to electric shocks. (rElec)
You can survive without breathing.
You are immune to petrification.
You are immune to rotting.


Message History

You see here a leopard gecko skeleton.
Found an ancient hunting sling.
Duvessa and Dowan come into view.
Dowan is wielding a +0 dagger and wearing a +1 robe of cold resistance.
Duvessa shouts!
Dowan shouts!
Dowan points at Duvessa and mumbles some strange words.
Duvessa seems to speed up.
A howler monkey comes into view.
The howler monkey howls!
Dowan whispers, "It won't be long now."
Duvessa says, "Practise, practise, practise!
One day you'll be as good as me."
Duvessa drinks a potion.
Duvessa suddenly seems more resistant.
Dowan gestures wildly while chanting.
Dowan blinks!
Okay, then.
Okay, then.
Okay, then.
You block Duvessa's attack.
You closely miss Duvessa.
The howler monkey hoots and howls with incredible vigour!
Duvessa hits you with a +0 rapier.
You hear a bark!
You hear a shout! x2
You sock Duvessa!
Duvessa is moderately wounded.
Duvessa hits you with a +0 rapier. Duvessa hits you but does no damage.
Your shield prevents you from hitting Duvessa.
Duvessa is moderately wounded.
Duvessa hits you with a +0 rapier.
The howler monkey hoots and howls with incredible vigour!
Duvessa hits you but does no damage.
You hear a bark!
You hear an angry hiss.
You hit Duvessa but do no damage.
Duvessa is moderately wounded.
Duvessa hits you with a +0 rapier.
Dowan casts a spell.
Dowan blinks!
Duvessa hits you with a +0 rapier.
You puncture Duvessa!
Duvessa is heavily wounded.
You block Duvessa's attack.
You hit Duvessa.
Duvessa is heavily wounded.
You block Duvessa's attack.
Dowan casts a spell.
Dowan blinks!
Duvessa hits you but does no damage.
You hit Duvessa.
Duvessa is heavily wounded.
Duvessa hits you with a +0 rapier. Duvessa barely misses you.
You hit Duvessa.
Duvessa is severely wounded.
Duvessa barely misses you.
Duvessa says, "When magic and the sword combine, nothing stands against them."
Duvessa hits you with a +0 rapier.
The howler monkey hoots and howls with incredible vigour!
You hear a shout!
You closely miss Duvessa.
Duvessa is severely wounded.
You are feeling hungry.
Duvessa barely misses you. You block Duvessa's attack.
You hit Duvessa but do no damage.
Duvessa is severely wounded.
Duvessa hits you with a +0 rapier! You block Duvessa's attack.
You barely miss Duvessa.
Duvessa is severely wounded.
Duvessa closely misses you.
You hit Duvessa.
Duvessa is severely wounded.
You block Duvessa's attack.
The howler monkey hoots and howls with incredible vigour!
Duvessa hits you but does no damage.
You hear a bark!
You barely miss Duvessa.
Duvessa is severely wounded.
You block Duvessa's attack. Duvessa hits you but does no damage.
You barely miss Duvessa.
Duvessa is severely wounded.
You block Duvessa's attack.
You barely miss Duvessa.
Duvessa is severely wounded.
You block Duvessa's attack. x2
You puncture Duvessa!
You kill Duvessa!
Dowan seems overcome with grief, but rights himself reflexively soon after.
Dowan seems to find hidden reserves of power!
Your Fighting skill increases to level 5!
The howler monkey hoots and howls with incredible vigour!
You block Dowan's attack.
You hear an angry hiss.
Your shield and scale mail prevent you from hitting Dowan.
You block Dowan's attack. x2
You impale Dowan!!
Dowan is severely wounded.
Dowan hits you but does no damage. Dowan casts a spell at you.
The stone arrow hits you!
* * * LOW HITPOINT WARNING * * *
You closely miss Dowan.
Dowan is severely wounded.
Dowan gestures at you while chanting. The shard of ice hits you!
You die...

>..................# #.#
........##....##.#.#####.###
.......######.##.#.........#
......## #)##.###.......#
####### #.##># ##......#
#####)##÷###.......#
##.....##...⌠.⌠.....#
##..######.#.._......# #<.##
#@##⌠.⌠#####...#
#######.########e##..#..).....#
.).............Mh.........#...#
######.#########.##...##### ###
..# #.#..### #.## #...## ..
#...)........ .> ...
......#..###### ##..#.
.....e...#


You could see Menkaure, Dowan (fast) and a howler monkey.

Vanquished Creatures
  Sigmund (D:3)
  Duvessa (D:4)
  An ogre (D:4)
  Blork the orc (D:4)
  An orc priest (D:3)
  An orc wizard (D:3)
  Natasha (twice) (D:4)
  6 adders
  3 worms
  A leopard gecko (D:4)
  18 orcs
  2 ball pythons
  12 bats
  2 giant cockroaches (D:1)
  6 goblins
  14 hobgoblins
  5 jackals
  4 frilled lizards
  6 kobolds
  10 rats
97 creatures vanquished.

Notes
Turn   | Place    | Note
-------+----------+-------------------------------------------
     0 | D:1      | tboon the Gargoyle Fighter began the quest for the Orb.
     0 | D:1      | Reached XP level 1. HP: 14/14 MP: 1/1
     3 | D:1      | Noticed an electric eel
     3 | D:1      | Noticed an electric eel
   123 | D:1      | Reached XP level 2. HP: 19/19 MP: 2/2
   735 | D:2      | Reached XP level 3. HP: 21/23 MP: 3/3
   974 | D:2      | Found a stormy altar of Qazlal.
  1459 | D:2      | Reached skill level 3 in Maces & Flails
  1610 | D:2      | Reached XP level 4. HP: 25/29 MP: 4/4
  1919 | D:3      | Noticed Sigmund
  1924 | D:3      | Killed Sigmund
  1924 | D:3      | Reached skill level 4 in Fighting
  1924 | D:3      | Reached skill level 4 in Maces & Flails
  1924 | D:3      | Reached skill level 4 in Armour
  1924 | D:3      | Reached skill level 4 in Shields
  1924 | D:3      | Reached XP level 5. HP: 33/33 MP: 5/5
  1924 | D:3      | Reached XP level 6. HP: 38/38 MP: 6/6
  2031 | D:3      | Found a white marble altar of Elyvilon.
  2031 | D:3      | Found a hazy altar of Hepliaklqana.
  2031 | D:3      | Found a blossoming altar of Fedhas.
  2049 | D:3      | Found an ornate altar of the Wu Jian Council.
  2940 | D:4      | Paralysed by an orc for 2 turns
  2942 | D:4      | Noticed Menkaure
  3014 | D:4      | Noticed Natasha
  3018 | D:4      | Killed Natasha
  3024 | D:4      | HP: 2/39 [ogre/+0 giant spiked club (25)]
  3025 | D:4      | Reached XP level 7. HP: 2/44 MP: 7/7
  3329 | D:4      | Noticed Blork the orc
  3351 | D:4      | Killed Blork the orc
  3351 | D:4      | Reached skill level 5 in Maces & Flails
  3360 | D:4      | Noticed Natasha
  3367 | D:4      | Killed Natasha
  3367 | D:4      | Reached skill level 5 in Armour
  3583 | D:4      | Found a sparkling altar of Nemelex Xobeh.
  3591 | D:4      | Reached skill level 5 in Shields
  3650 | D:4      | Noticed Duvessa
  3650 | D:4      | Noticed Dowan
  3673 | D:4      | Killed Duvessa
  3673 | D:4      | Reached skill level 5 in Fighting
  3675 | D:4      | HP: 11/44 [Dowan/stone arrow (8)]
  3676 | D:4      | Killed from afar by Dowan

Illustrated notes

Levels and vault maps discovered:
D:1:      arrival_aquarium_b, layout_basic
D:2:      layout_loops_corners, lemuel_doored_altar, hex_medium,
          minmay_pentomino_x4
D:3:      layout_basic, grunt_temple_overflow_open, uniq_sigmund
D:4:      layout_rooms, nemelex_xobeh_ov_fountains_minmay,
          ebering_ghost_disaster_area, minmay_between, uniq_blork_the_orc,
          uniq_natasha, uniq_grinder, uniq_duvessa, uniq_menkaure

Skill      XL: |  1  2  3  4  5  6  7 |
---------------+----------------------+-----
Maces & Flails | 3 4 5 |  5.4
Fighting       | 4 5 |  5.1
Armour         | 4 5 |  5.2
Shields        | 4 5 |  5.1

Action                   |  1- 3 |  4- 6 |  7- 9 || total
-------------------------+-------+-------+-------++-------
Melee: Flail             |   145 |   173 |       ||   318
       Morningstar       |       |    10 |    40 ||    50
  Use: Potion            |       |     1 |       ||     1
       Scroll            |       |     2 |     7 ||     9
  Eat: Chunk             |     2 |     5 |     2 ||     9
Armor: Scale mail        |    83 |    83 |    11 ||   177
Dodge: Dodged            |    45 |    51 |    12 ||   108
Block: Kite shield       |    81 |    87 |    21 ||   189

Levels and vault maps discovered:
D:1:      arrival_aquarium_b, layout_basic
D:2:      layout_loops_corners, lemuel_doored_altar, hex_medium,
          minmay_pentomino_x4
D:3:      layout_basic, grunt_temple_overflow_open, uniq_sigmund
D:4:      layout_rooms, nemelex_xobeh_ov_fountains_minmay,
          ebering_ghost_disaster_area, minmay_between, uniq_blork_the_orc,
          uniq_natasha, uniq_grinder, uniq_duvessa, uniq_menkaure

Table legend:
 A = Turns spent in this place as a percentage of turns spent in the entire game.
 B = Non-inter-level travel turns spent in this place as a percentage of non-inter-level travel turns spent in the entire game.
 C = Inter-level travel turns spent in this place as a percentage of turns spent in this place.
 D = Turns resting spent in this place as a percentage of non-inter-level travel turns spent in this place.
 E = Turns spent auto-exploring this place as a percentage of non-inter-level travel turns spent in this place.
 F = Non-inter-level travel turns spent in this place divided by the number of levels of this place that you've seen.
                   A       B       C       D       E      F
               +-------+-------+-------+-------+-------+----------------------
         Total | 100.0 | 100.0 |   1.3 |  17.8 |  58.1 | 907.0
       Dungeon | 100.0 | 100.0 |   1.3 |  17.8 |  58.1 | 907.0
               +-------+-------+-------+-------+-------+----------------------

Table legend:
 A = Kills in this place as a percentage of kills in entire the game.
 B = Kills by you in this place as a percentage of kills by you in the entire game.
 C = Kills by friends in this place as a percentage of kills by friends in the entire game.
 D = Other kills in this place as a percentage of other kills in the entire game.
 E = Experience gained in this place as a percentage of experience gained in the entire game.
 F = Experience gained in this place divided by the number of levels of this place that you have seen.
                   A       B       C       D       E      F
               +-------+-------+-------+-------+-------+----------------------
         Total | 100.0 | 100.0 |   N/A |   N/A | 100.0 | 247.2
       Dungeon | 100.0 | 100.0 |   N/A |   N/A | 100.0 | 247.2
               +-------+-------+-------+-------+-------+----------------------
